 Dungeon Crawl Stone Soup version 0.28.0-49-g6dfe1f597d (webtiles) character file.

Game seed: 16745145941540719997

2686 styxcanada the Covert (level 9, -2/44 HPs)
             Began as a Spriggan Brigand on May 12, 2022.
             Was an Initiate of Gozag.
             Slain by a vampire
             ... wielding a +0 glaive
              (6 damage)
             ... in a bailey.
             The game lasted 00:37:46 (8415 turns).

styxcanada the Covert (Spriggan Brigand)            Turns: 8415, Time: 00:37:49

Health: -2/44      AC:  6    Str: 13    XL:     9   Next: 38%
Magic:  16/16      EV: 24    Int: 15    God:    Gozag
Gold:   473        SH:  0    Dex: 20    Spells: 10/16 levels left

rFire   + . .      SeeInvis +   a - +3 dagger (vorpal)
rCold   . . .      Faith    .   (no shield)
rNeg    . . .      Spirit   .   o - +0 robe {rF+}
rPois   .          Reflect  .   D - +3 crown of Dyrovepreva {rElec Int+2 SInv}
rElec   +          Harm     .   c - +0 cloak
rCorr   .          Rampage  .   (gloves unavailable)
Will    +....                   (boots unavailable)
Stlth   +++++.....              (no amulet)
HPRegen 0.14/turn               k - +6 ring of strength
MPRegen 0.15/turn               s - +4 ring of evasion

@: very quick
A: very small, no large weapons, unfitting armour, see invisible, speed 3
a: Renounce Religion, Potion Petition, Call Merchant, Bribe Branch


You were in a bailey.
You worshipped Gozag.
Gozag was aware of your devotion.
You visited 2 branches of the dungeon, and saw 8 of its levels.
You also visited: Bailey.

You collected 607 gold pieces.
You spent 64 gold pieces at shops.
You paid 70 gold pieces to Gozag.

Inventory:

Hand Weapons
 a - a +3 vorpal dagger (weapon)
 i - a +0 flail of protection
 j - a +0 hunting sling
 y - a +4 short sword
Missiles
 d - 13 poisoned darts (quivered)
 n - 90 stones
 r - 2 boomerangs
Armour
 c - a +0 cloak (worn)
 e - a +1 hat
 o - a +0 robe of fire resistance (worn)
 D - the +3 crown of Dyrovepreva (worn) {rElec Int+2 SInv}
   (You found it in a bailey)

   Int:       It affects your intelligence (+2).
   rElec:     It insulates you from electricity.
   SInv:      It lets you see invisible.
Jewellery
 k - a +6 ring of strength (left hand)
 s - a +4 ring of evasion (right hand)
 w - a ring of fire
 A - a ring of ice
Wands
 q - a wand of iceblast (7)
Scrolls
 b - a scroll of summoning
 f - 2 scrolls of teleportation
 m - a scroll of fear
 p - a scroll of noise {unknown}
 B - a scroll of enchant armour {unknown}
Potions
 g - a potion of cancellation {unknown}
 h - 2 potions of invisibility
 l - 4 potions of curing
 t - 2 potions of brilliance
 v - a potion of ambrosia
 z - a potion of attraction {unknown}
 C - a potion of might {unknown}


   Skills:
 * Level 3.3 Fighting
 + Level 5.0 Short Blades
 + Level 3.9 Throwing
 * Level 5.5 Dodging
 * Level 11.2 Stealth
 * Level 4.3 Spellcasting
 * Level 2.6 Conjurations
 * Level 2.1 Ice Magic
 * Level 3.1 Air Magic
 * Level 4.5 Evocations


You had 10 spell levels left.
You knew the following spells:

 Your Spells              Type           Power      Damage    Failure   Level
a - Shock                 Conj/Air       48%        1d6       5%          1
b - Freezing Cloud        Conj/Ice/Air   5%         6-21      86%         5

Your spell library contained the following spells:

 Spells                   Type           Power      Damage    Failure   Level
 Swiftness                Air            12%        N/A       14%         3
 Conjure Flame            Conj/Fire      7%         6-21      30%         3
 Airstrike                Air            6%         N/A       43%         4
 Ignite Poison            Fire/Tmut/Pois 3%         N/A       47%         3
 Sticky Flame             Conj/Fire      7%         2d3       69%         4
 Simulacrum               Ice/Necr       3%         N/A       100%        6
 Polar Vortex             Ice            4%         N/A       100%        9


Dungeon Overview and Level Annotations

Branches:
Dungeon (7/15)             Temple (1/1) D:6          Bailey (1/1)

Altars:
Dithmenos
Fedhas
Gozag
Hepliaklqana
Nemelex Xobeh
Trog
Uskayaw
Wu Jian

Shops:
D:4 (?(**

Annotations:
D:5 2 runed translucent doors, GigaChad's ghost, amateur MiFi


Innate Abilities, Weirdness & Mutations

You are very small and have problems with some larger weapons.
You are too small for most types of armour.
You have supernaturally acute eyesight. (SInv)
You cover ground extremely quickly. (Speed+++)


Message History

Press: ? - help, Q - select action, (/) - cycle Shift-Dir - straight line, f/p - vampire
Aim: a vampire, wielding a +0 glaive and wearing a +0 scale mail (moderately damaged, 68% to hit)
You shoot a sling bullet.
The sling bullet completely misses the vampire.
Aiming: Iceblast
Press: ? - help, Shift-Dir - straight line, f/p - vampire
Aim: a vampire, wielding a +0 glaive and wearing a +0 scale mail (moderately damaged)
The mass of ice explodes!
The iceblast engulfs the vampire!
The vampire partially resists.
The vampire is heavily damaged.
Fire: sling bullet
Press: ? - help, Q - select action, (/) - cycle Shift-Dir - straight line, f/p - vampire
Aim: a vampire, wielding a +0 glaive and wearing a +0 scale mail (heavily damaged, 68% to hit)
You shoot a sling bullet.
The sling bullet completely misses the vampire.
a - a +3 vorpal dagger (weapon)
Throw: 13 darts (poison)
Press: ? - help, Q - select action, (/) - cycle Shift-Dir - straight line, f/p - vampire
Aim: a vampire, wielding a +0 glaive and wearing a +0 scale mail (heavily damaged, 68% to hit)
Okay, then.
Aiming: Iceblast
Press: ? - help, Shift-Dir - straight line, f/p - vampire
Aim: a vampire, wielding a +0 glaive and wearing a +0 scale mail (heavily damaged)
The mass of ice explodes!
The iceblast engulfs the vampire!
The vampire partially resists.
The vampire is severely damaged.
The vampire closely misses you. The vampire completely misses you.
You hit the vampire but do no damage.
The vampire is severely damaged.
You hit the vampire but do no damage.
The vampire is severely damaged.
The vampire draws life force from you!
The vampire is healed by the life force!
You hit the vampire but do no damage.
The vampire is heavily damaged.
The vampire hits you with a +0 glaive!
* * * LOW HITPOINT WARNING * * *
The vampire bites you.
You die...
Your body crumbles into a pile of gold.

#..)#.....♣.♣.♣.#)...#..
#...#...........#....#..
#.÷)#........((.#.)#'##'
#####..........)#).#....
#........#.V.####....
#.......####.(..'....
#8.....##..##...'....
#########....#...#....
#8...@V....(.(...#....
#.......).#..(...#+###
###''##..)##.....#
##....##...#######
##......##.......8#
#...##...#8......8# #..#
##..########## #..#
##..# #8..##..8#


You could see a vampire.

Vanquished Creatures
  A gargoyle (Bailey)
  Grinder (D:4)
  Sigmund (D:2)
  A steam dragon (D:6)
  A water moccasin (D:6)
  An orc warrior (D:6)
  2 sky beasts
  A scorpion (D:6)
  2 wights (D:7)
  7 vampire bats (Bailey)
  6 wolf zombies (Bailey)
  A centaur zombie (D:7)
  2 bullfrog skeletons
  A jelly (D:4)
  7 orc priests
  6 iguanas
  5 orc wizards
  2 killer bee zombies
  4 adders
  A gnoll (D:1)
  A white imp (D:6)
  6 worms
  2 dart slugs
  26 orcs
  6 ball pythons
  4 endoplasms
  2 giant cockroaches
  9 goblins
  8 hobgoblins
  3 jackals (D:1)
  2 kobolds
  3 quokkas
  5 bats
  19 orc zombies (Bailey)
  10 rats
159 creatures vanquished.

Notes
Turn   | Place    | Note
-------+----------+-------------------------------------------
     0 | D:1      | styxcanada the Spriggan Brigand began the quest for the
                  | Orb.
     0 | D:1      | Reached XP level 1. HP: 10/10 MP: 2/2
    73 | D:1      | Reached skill level 6 in Stealth
    83 | D:1      | Found a faded altar of an unknown god.
   413 | D:1      | Reached XP level 2. HP: 2/14 MP: 3/3
   962 | D:1      | Reached skill level 7 in Stealth
  1134 | D:1      | Reached XP level 3. HP: 18/18 MP: 4/4
  1149 | D:1      | Learned a level 1 spell: Shock
  1402 | D:2      | Noticed Sigmund
  1424 | D:2      | Killed Sigmund
  1425 | D:2      | Reached skill level 8 in Stealth
  1425 | D:2      | Reached skill level 1 in Spellcasting
  1425 | D:2      | Reached XP level 4. HP: 23/23 MP: 4/7
  1425 | D:2      | Reached XP level 5. HP: 26/26 MP: 4/8
  1677 | D:2      | Reached skill level 1 in Air Magic
  2919 | D:3      | Reached XP level 6. HP: 27/30 MP: 9/9
  3048 | D:3      | Reached skill level 1 in Conjurations
  3616 | D:4      | Found Amigrag's Antique Weapon Shoppe.
  3632 | D:4      | Noticed Grinder
  3636 | D:4      | Killed Grinder
  3637 | D:4      | Reached skill level 9 in Stealth
  3637 | D:4      | Reached skill level 1 in Evocations
  3637 | D:4      | Reached XP level 7. HP: 35/35 MP: 9/11
  3705 | D:4      | Found Ceiq's Weapon Shop.
  3838 | D:4      | Found Latten's Magic Scroll Emporium.
  3844 | D:4      | Bought a scroll of identify for 28 gold pieces
  4009 | D:4      | Found Foyprif Quti's Assorted Antiques.
  4031 | D:4      | Bought a scroll labelled WEMUGO TIMYE for 22 gold pieces
  4085 | D:4      | Found Eduozeg's General Store.
  4093 | D:4      | Bought a potion of degeneration for 14 gold pieces
  4766 | D:5      | Entered Level 5 of the Dungeon
  4787 | D:5      | Found a runed translucent door.
  4816 | D:5      | Noticed GigaChad's ghost (amateur MiFi)
  5195 | D:5      | Found a runed translucent door.
  5284 | D:5      | Learned a level 5 spell: Freezing Cloud
  5442 | D:5      | Reached skill level 10 in Stealth
  5532 | D:6      | Noticed a steam dragon
  5535 | D:6      | Killed a steam dragon
  5536 | D:6      | Reached XP level 8. HP: 39/39 MP: 13/13
  5583 | D:6      | Found a staircase to the Ecumenical Temple.
  5607 | Temple   | Entered the Ecumenical Temple
  5612 | Temple   | Became a worshipper of Gozag Ym Sagoz the Greedy
  6545 | D:6      | Reached skill level 1 in Ice Magic
  7189 | D:7      | Found a flagged portal.
  7283 | Bailey   | Entered a bailey
  7547 | Bailey   | Noticed a gargoyle
  7567 | Bailey   | Killed a gargoyle
  7568 | Bailey   | Reached skill level 5 in Dodging
  7568 | Bailey   | Reached XP level 9. HP: 22/44 MP: 14/16
  7753 | Bailey   | Reached skill level 11 in Stealth
  8090 | Bailey   | Reached skill level 5 in Short Blades
  8227 | Bailey   | Found the +3 crown of Dyrovepreva {rElec Int+2 SInv}
  8233 | Bailey   | Identified the +3 fire dragon scales "Opneq" {rF++ rC-
                  | Str+3 Dex-5}
  8305 | Bailey   | HP: 2/44 [vampire/+0 glaive (20)]
  8415 | Bailey   | Slain by a vampire

Illustrated notes

Levels and vault maps discovered:
D:1:      amcnicky_arrival_abandoned_market, layout_basic,
          ebering_ecumenical_altar_petrified
D:2:      layout_basic, minmay_pentomino_w2, uniq_sigmund
D:3:      layout_basic, kennysheep_doodads
D:4:      layout_basic, serial_shops, shop, nicolae_stop_n_shop_1, shop_statue,
          nicolae_diamond_shop, nicolae_stop_n_shop_2, uniq_grinder
D:5:      minmay_evil_eye, layout_rooms, ebering_ghost_sewer_f,
          minmay_misc_feat_tower, corner_web_ring, item_on_display_a
D:6:      layout_loops_ring, minmay_temple_entry_grid
D:7:      layout_loops_ring, enter_bailey_4, lightli_church_of_beogh
Temple:   compressed_dpeg_triangle_lava_temple
Bailey:   bailey_polearm_vampire_castle_hellmonk, bailey

Skill      XL: |  1  2  3  4  5  6  7  8  9 |
---------------+----------------------------+-----
Stealth        | 6 7 8 9 10 11 | 11.2
Fighting       | 2 3 |  3.3
Dodging        | 2 3 5 |  5.5
Spellcasting   | 1 2 3 4 |  4.3
Air Magic      | 1 2 3 |  3.1
Conjurations   | 1 2 |  2.6
Short Blades   | 3 4 5 |  5.0
Evocations     | 1 2 4 |  4.5
Throwing       | 3 |  3.9
Ice Magic      | 1 2 |  2.1

Action                   |  1- 3 |  4- 6 |  7- 9 || total
-------------------------+-------+-------+-------++-------
Melee: Dagger            |    79 |    92 |   335 ||   506
       Punch             |     1 |     3 |     6 ||    10
 Fire: Hunting sling     |       |       |    19 ||    19
Throw: Dart              |    15 |    27 |    72 ||   114
 Cast: Shock             |       |     6 |    30 ||    36
Evoke: Wand              |       |     2 |     8 ||    10
  Use: Scroll            |       |       |    15 ||    15
       Potion            |       |       |     2 ||     2
 Stab: Sleeping          |     3 |    12 |    20 ||    35
       Distracted        |       |       |     3 ||     3
Armor: Robe              |    15 |     6 |    30 ||    51
Dodge: Dodged            |    61 |    43 |   278 ||   382
